 Dungeon Crawl Stone Soup version 0.29-a0-775-g4d7333d4e2 (webtiles) character file.

Game seed: 882898932499233651

6377 kevlar127 the Grappler (level 10, -5/159 HPs)
             Began as a Troll Berserker on July 1, 2022.
             Was an Elder of Trog.
             Slain by a yak (8 damage)
             ... on level 9 of the Dungeon.
             The game lasted 00:19:08 (6122 turns).

kevlar127 the Grappler (Troll Berserker)            Turns: 6122, Time: 00:19:08

Health: -5/159     AC: 11    Str: 31    XL:     10   Next: 65%
Magic:  9/9        EV: 12    Int:  3    God:    Trog [****..]
Gold:   518        SH:  6    Dex:  9    Spells: 9/9 levels left

rFire   . . .      SeeInvis .     - Unarmed
rCold   . . .      Faith    .   M - +0 kite shield
rNeg    . . .      Spirit   .   I - +0 troll leather armour
rPois   .          Reflect  .   (helmet restricted)
rElec   .          Harm     .   L - +0 cloak
rCorr   .          Rampage  .   (gloves unavailable)
Will    .....                   (boots unavailable)
Stlth   ..........              (no amulet)
HPRegen 1.96/turn               p - +4 ring of protection
MPRegen 0.11/turn               d - +4 ring of evasion

@: berserking (expiring), very quick
A: large, unfitting armour, claws 3, regeneration 1, shaggy fur 1, tough skin 1
a: Renounce Religion, Berserk, Trog's Hand, Brothers in Arms


You were on level 9 of the Dungeon.
You worshipped Trog.
Trog was greatly pleased with you.
You visited 1 branch of the dungeon, and saw 9 of its levels.

You collected 518 gold pieces.

Inventory:

Missiles
 u - 4 boomerangs (quivered)
 v - 84 stones
 x - 9 poisoned darts
 H - 4 datura-tipped darts
Armour
 a - a +0 animal skin
 I - a +0 troll leather armour (worn)
 L - a +0 cloak (worn)
 M - a +0 kite shield (worn)
Jewellery
 d - a +4 ring of evasion (right claw)
 p - a +4 ring of protection (left claw)
 q - a +6 ring of intelligence
 s - a ring of positive energy
 C - a ring of fire
Wands
 B - a wand of quicksilver (18)
 K - a wand of mindburst (15)
Scrolls
 b - 14 scrolls of identify {unknown}
 g - a scroll of silence {unknown}
 h - 5 scrolls of teleportation {unknown}
 i - 3 scrolls of fog {unknown}
 k - 4 scrolls of poison {unknown}
 l - 2 scrolls of enchant armour {unknown}
 n - 6 scrolls of noise {unknown}
 o - 2 scrolls of fear {unknown}
 y - 5 scrolls of vulnerability {unknown}
 A - 2 scrolls of blinking {unknown}
 D - a scroll of immolation {unknown}
 N - 2 scrolls of amnesia {unknown}
Potions
 c - 3 potions of haste
 e - 5 potions of curing {unknown}
 f - 2 potions of lignification {unknown}
 j - 3 potions of might {unknown}
 m - 2 potions of brilliance {unknown}
 r - a potion of degeneration {unknown}
 t - a potion of attraction {unknown}
 w - 2 potions of heal wounds {unknown}
 z - 3 potions of mutation {unknown}
 E - a potion of resistance {unknown}
 F - a potion of cancellation {unknown}
 G - a potion of flight {unknown}
 J - a potion of magic {unknown}


   Skills:
 + Level 8.6 Fighting
 - Level 5.0 Throwing
 + Level 2.3 Armour
 + Level 3.6 Dodging
 + Level 2.0 Shields
 * Level 10.6 Unarmed Combat
 + Level 2.1 Evocations


You had 9 spell levels left.
You didn't know any spells.
Your spell library was empty.

Dungeon Overview and Level Annotations

Branches:
Dungeon (9/15)             Temple (0/1) D:7            Lair (0/6) D:9
    Orc: D:9-12

Altars:
Cheibriados
Fedhas
Ru
Trog
Vehumet
Yredelemnul
The Shining One

Shops:
D:2 *   D:6 *


Innate Abilities, Weirdness & Mutations

You are too large for most types of armour.
You have claws for hands.
Your natural rate of healing is unusually fast.
You are covered in fur. (AC +1)
You have tough skin. (AC +1)


Message History

The wight hits you but does no damage.
You hear some strange, mumbled words.
A magic dart appears from out of thin air!
The magic dart hits you but does no damage.
The yak barely misses you.
Your Evocations skill increases to level 2!
You are too berserk!
Unknown command.
You claw the yak!
The yak is moderately wounded.
You mangle the yak!!
The yak is almost dead.
The yak closely misses you. Something barely misses you.
The wight hits you from afar with a +0 halberd.
* * * LOW HITPOINT WARNING * * *
The orc priest looks encouraged for a moment.
The yak gores you.
* * * LOW HITPOINT WARNING * * *
You claw the yak!
You kill the yak!
Trog accepts your kill.
Your life force feels restored.
You mangle the yak!!
You kill the yak!
Trog accepts your kill. The wight barely misses you.
You block something's attack.
Your Shields skill increases to level 2!
You closely miss the orc priest. The yak gores you but does no damage.
The orc priest hits you but does no damage.
The wight closely misses you. Something hits you.
* * * LOW HITPOINT WARNING * * *
You closely miss the orc priest. You barely miss the orc priest.
The yak closely misses you.
The orc priest invokes the aid of Beogh against you.
Beogh smites you!
* * * LOW HITPOINT WARNING * * *
You block the wight's attack. Something hits you but does no damage.
Unknown command.
You closely miss the orc priest. The yak gores you!
You die...

#.P.P...#[.# #
.._..#.#..##.#
#.P.P.........#
.........#.####
...........### .#
.............# #.#
...........#.# ...
###........#.#####.###
########.#.#@{Y.....
######.#.#oYo.....
##....†>#.#z.......
...........#........
###.####.###)....... #
#...)).......
#####........
#........ #........


You could see 2 yaks, a wight and 2 orc priests.

Vanquished Creatures
  An elephant (D:9)
  A troll (D:7)
  Sigmund (D:3)
  A shadow (D:9)
  A vampire (D:9)
  A basilisk (D:9)
  3 wyverns
  4 yaks (D:9)
  A steam dragon (D:7)
  4 water moccasins
  An acid dragon (D:8)
  2 orc warriors
  A sky beast (D:8)
  2 ice beasts (D:8)
  A black bear (D:9)
  2 ogres (D:5)
  3 centaurs
  7 phantoms
  2 gnoll sergeants
  2 bullfrogs
  A necrophage (D:6)
  11 wights
  A water moccasin skeleton (D:5)
  4 killer bees (D:7)
  4 howler monkeys
  A centaur zombie (D:5)
  A bouda (D:9)
  5 hounds
  4 orc wizards
  Natasha (twice) (D:4)
  3 iguanas
  Terence (D:2)
  A killer bee zombie (D:5)
  A hound zombie (D:5)
  A howler monkey zombie (D:5)
  7 gnolls
  11 adders
  A shadow imp (D:5)
  2 white imps
  2 ufetubi
  A worm (D:2)
  2 dart slugs
  19 orcs
  5 bats
  11 endoplasms
  3 giant cockroaches
  4 goblins
  5 hobgoblins
  3 quokkas
  4 ball pythons
  A frilled lizard (D:3)
  4 kobolds
  2 rats
169 creatures vanquished.

Notes
Turn   | Place    | Note
-------+----------+-------------------------------------------
     0 | D:1      | kevlar127 the Troll Berserker began the quest for the Orb.
     0 | D:1      | Reached XP level 1. HP: 22/22 MP: 0/0
   200 | D:1      | Reached XP level 2. HP: 29/29 MP: 1/1
   532 | D:2      | Found Boiteimp's Assorted Antiques.
   774 | D:2      | Noticed Terence
   779 | D:2      | Killed Terence
   780 | D:2      | Reached XP level 3. HP: 26/37 MP: 2/2
   825 | D:2      | Found a faded altar of an unknown god.
   894 | D:2      | Reached skill level 4 in Unarmed Combat
  1345 | D:3      | Reached ** piety under Trog
  1486 | D:3      | Reached XP level 4. HP: 34/45 MP: 3/3
  1777 | D:3      | Noticed Sigmund
  1782 | D:3      | Killed Sigmund
  1783 | D:3      | Reached skill level 5 in Unarmed Combat
  1783 | D:3      | Reached XP level 5. HP: 44/54 MP: 4/4
  2132 | D:4      | Reached XP level 6. HP: 62/62 MP: 5/5
  2178 | D:4      | Found a glowing golden altar of the Shining One.
  2376 | D:4      | Noticed Natasha
  2383 | D:4      | Killed Natasha
  2447 | D:4      | Noticed Natasha
  2452 | D:4      | Killed Natasha
  2866 | D:5      | Entered Level 5 of the Dungeon
  3018 | D:5      | Found a snail-covered altar of Cheibriados.
  3038 | D:5      | Reached skill level 6 in Unarmed Combat
  3038 | D:5      | Reached XP level 7. HP: 71/71 MP: 6/6
  3040 | D:5      | Reached skill level 5 in Fighting
  3050 | D:5      | Reached skill level 1 in Throwing
  3210 | D:5      | Reached XP level 8. HP: 81/81 MP: 7/7
  3240 | D:5      | Found a bloodstained altar of Trog.
  3302 | D:5      | Reached skill level 7 in Unarmed Combat
  3313 | D:5      | Reached *** piety under Trog
  3875 | D:6      | You fall into a shaft and drop 1 floor!
  4178 | D:6      | Found Foxic's Serpentskin Sales.
  4192 | D:6      | Reached skill level 8 in Unarmed Combat
  4315 | D:6      | Reached XP level 9. HP: 91/92 MP: 8/8
  4424 | D:7      | Reached skill level 5 in Throwing
  4628 | D:7      | Found a staircase to the Ecumenical Temple.
  4790 | D:7      | Reached skill level 9 in Unarmed Combat
  4827 | D:7      | Reached **** piety under Trog
  4845 | D:7      | Noticed a troll
  4853 | D:7      | Killed a troll
  5348 | D:7      | Found a blossoming altar of Fedhas.
  5458 | D:8      | Reached XP level 10. HP: 41/104 MP: 9/9
  5715 | D:8      | Reached skill level 1 in Armour
  5717 | D:8      | Reached skill level 1 in Evocations
  5720 | D:8      | Reached skill level 10 in Unarmed Combat
  5917 | D:9      | Found a sacrificial altar of Ru.
  5926 | D:9      | Found a radiant altar of Vehumet.
  5972 | D:9      | Found a staircase to the Lair.
  5972 | D:9      | Noticed an elephant
  5983 | D:9      | Killed an elephant
  5994 | D:9      | Reached skill level 1 in Shields
  6049 | D:9      | Found a basalt altar of Yredelemnul.
  6121 | D:9      | HP: 2/159 [orc priest/divine providence (16)]
  6122 | D:9      | Slain by a yak

Illustrated notes

Levels and vault maps discovered:
D:1:      minmay_arrival_radiant_lines, layout_rooms, minmay_pentomino_o4
D:2:      layout_loops_corners, chequers_ecumenical_altar_lobes, serial_shops,
          nicolae_diamond_shop, uniq_terence
D:3:      layout_basic, serial_corexii_hall, corexii_hall_statues_deadend,
          corexii_hall_statues_x, corexii_hall_statues_u,
          chequers_hall_statues_wall_a, uniq_sigmund
D:4:      layout_basic, lemuel_doored_altar, uniq_natasha
D:5:      layout_basic, kennysheep_slug_shrine, kennysheep_little_box,
          serial_undead, serial_undead_d, serial_undead_f, serial_undead_f,
          serial_undead_e, minmay_stone_trees_small,
          minmay_fractal_squares_diagonal_5
D:6:      layout_rooms, grunt_ministairs_4, guppyfry_shop_venom
D:7:      layout_loops_cross, mainiacjoe_overflow_alcove_2,
          minmay_temple_entry_butterflies, chequers_serial_rivers_micro_e,
          nicolae_concentric_dashed_squares_wild, kennysheep_generic_room_15
D:8:      layout_rooms
D:9:      layout_basic, gammafunk_temple_overflow_forgotten,
          mainiacjoe_overflow_tiny_flanked, yredelemnul_altar_generic,
          nicolae_overflow_two_pavilions, david_lair_generic, enter_bailey_8,
          serial_bayou_pond_e

Skill      XL: |  1  2  3  4  5  6  7  8  9 10 |
---------------+-------------------------------+-----
Fighting       | 3 4 5 6 8 |  8.6
Unarmed Combat | 4 5 6 8 9 10 | 10.6
Throwing       | 2 4 5 |  5.0
Armour         | 2 |  2.3
Evocations     | 2 |  2.1
Dodging        | 3 |  3.6
Shields        | 2 |  2.0

Action                   |  1- 3 |  4- 6 |  7- 9 | 10-12 || total
-------------------------+-------+-------+-------+-------++-------
Melee: Unarmed           |    78 |    74 |   261 |    89 ||   502
       Punch             |     2 |     2 |    10 |     1 ||    15
Throw: Boomerang         |       |     2 |     8 |    17 ||    27
Invok: Berserk           |       |       |     1 |     1 ||     2
       Trog's Hand       |       |       |     2 |     1 ||     3
Armor: Animal skin       |    25 |    19 |    60 |       ||   104
       Troll leather arm |       |       |    18 |    36 ||    54
Dodge: Dodged            |    27 |    42 |   188 |    80 ||   337
Block: Kite shield       |       |       |       |    24 ||    24

Table legend: (Time is in decaauts)
 A = Elapsed time spent in this place.
 B = Non-inter-level travel time spent in this place.
 C = Inter-level travel time spent in this place.
 D = Time resting spent in this place.
 E = Time spent auto-exploring this place.
 F = Levels seen in this place.
 G = Mean time per level.
                   A        B        C        D        E       F      G
               +--------+--------+--------+--------+--------+-----+--------+
         Total |   6073 |   5636 |    437 |    165 |   4414 |   9 |  674.8 |
       Dungeon |   6073 |   5636 |    437 |    165 |   4414 |   9 |  674.8 |
               +--------+--------+--------+--------+--------+-----+--------+

Top non-repeatable levels by time:
     D:2: 1074 daAuts
     D:7: 1055 daAuts
     D:5: 960 daAuts
     D:4: 830 daAuts
     D:3: 608 daAuts
     D:6: 506 daAuts
     D:8: 496 daAuts
     D:1: 341 daAuts
     D:9: 199 daAuts
